 Dungeon Crawl Stone Soup version 0.28-a0-429-g1448048969 (webtiles) character file.

Game seed: 15151058114802177845

413055 robertstho the Conqueror (level 22, -23/224 (233) HPs)
             Began as a Minotaur Berserker on Sept 9, 2021.
             Was the Champion of Trog.
             Killed from afar by a tengu reaver (39 damage)
             ... with a bolt of lightning
             ... on level 4 of the Vaults on Sept 10, 2021.
             The game lasted 01:18:54 (54244 turns).

robertstho the Conqueror (Minotaur Berserker)      Turns: 54244, Time: 01:18:55

HP:   -23/224 (233) AC: 38    Str: 35    XL:     22   Next: 50%
MP:   21/21         EV: 14    Int: 10    God:    Trog [******]
Gold: 2052          SH:  5    Dex: 12    Spells: 21/21 levels left

rFire   + + +      SeeInvis +   G - +4 battleaxe of Blind Justice {flame, rF+ SInv}
rCold   . . .      Faith    .   (shield currently unavailable)
rNeg    . . .      Spirit   .   w - +6 plate armour "Toigo" {*Slow rF+ Str+4}
rPois   .          Reflect  +   H - +1 hat "Ruasm" {rF+ Slay+2}
rElec   .          Harm     .   Q - +1 cloak
rCorr   .          Rampage  .   N - +2 pair of gloves
Will    +++..                   i - +2 pair of boots {Stlth+}
Stlth   ..........              X - amulet of Urauwk {Reflect Int+4 SH+5}
HPRegen 1.47/turn               D - ring of fire
MPRegen 0.17/turn               E - ring of the Octopus King {rC+ AC+1 EV+1 Str+1 Int+1 Dex+1}

@: about to teleport, strong-willed, on berserk cooldown, regenerating, slowed,
studying 2 skills, lightly drained, very slow
A: horns 2, retaliatory headbutt, subdued magic 1
}: 2/15 runes: barnacled, gossamer
a: Renounce Religion, Berserk, Trog's Hand, Brothers in Arms


You were on level 4 of the Vaults.
You worshipped Trog.
Trog was exalted by your worship.
You visited 6 branches of the dungeon, and saw 36 of its levels.
You visited the Abyss 1 time.
You visited 1 bazaar.
You also visited: Gauntlet and Volcano.

You collected 4422 gold pieces.
You spent 2370 gold pieces at shops.

Inventory:

Hand Weapons
 y - the +7 battleaxe of Mireraca {vorpal, rCorr SInv}
   (Trog gifted it to you on level 5 of the Lair of Beasts)

   It inflicts extra damage upon your enemies.
   SInv:      It lets you see invisible.
   rCorr:     It protects you from acid and corrosion.
 G - the +4 battleaxe of Blind Justice (weapon) {flame, rF+ SInv}
   (Trog gifted it to you on level 13 of the Dungeon)

   It burns those it strikes, dealing additional fire damage.
   Big, fiery blades are also staple armaments of hydra-hunters.
   rF:        It protects you from fire.
   SInv:      It lets you see invisible.
 K - the +7 broad axe "Deahaocuo" {vorpal, rF+ rC+ Will+ rCorr}
   (Trog gifted it to you on level 8 of the Dungeon)

   It inflicts extra damage upon your enemies.
   rF:        It protects you from fire.
   rC:        It protects you from cold.
   rCorr:     It protects you from acid and corrosion.
   Will:      It increases your willpower.
 Z - the +11 executioner's axe "Fudagun" {vorpal, rElec rF- Str+7 Int+8}
   (You acquired it on level 3 of the Spider Nest)

   It inflicts extra damage upon your enemies.
   Str:       It affects your strength (+7).
   Int:       It affects your intelligence (+8).
   rF:        It makes you vulnerable to fire.
   rElec:     It insulates you from electricity.
Armour
 i - a +2 pair of boots of stealth (worn)
 w - the +6 plate armour "Toigo" (worn) {*Slow rF+ Str+4}
   (You bought it in a shop in a bazaar)

   Str:       It affects your strength (+4).
   rF:        It protects you from fire.
   *Slow:     It may slow you when you take damage.
 z - a +1 plate armour of cold resistance
 H - the +1 hat "Ruasm" (worn) {rF+ Slay+2}
   (You found it on level 14 of the Dungeon)

   Slay:      It affects your accuracy & damage with ranged weapons and melee
   (+2).
   rF:        It protects you from fire.
 N - a +2 pair of gloves (worn)
 Q - a +1 cloak (worn)
 T - a +1 plate armour of poison resistance
 U - a +0 tower shield
Jewellery
 f - a ring of resist corrosion
 j - a ring of poison resistance
 n - a ring of flight
 s - a ring of fire
 u - a ring of protection from cold
 v - a ring of willpower
 D - a ring of fire (left hand)
 E - a ring of the Octopus King (right hand) {rC+ AC+1 EV+1 Str+1 Int+1 Dex+1}
   (You took it off a minotaur in a Gauntlet)

   [ring of protection from cold]

   AC:        It affects your AC (+1).
   EV:        It affects your evasion (+1).
   Str:       It affects your strength (+1).
   Int:       It affects your intelligence (+1).
   Dex:       It affects your dexterity (+1).
   rC:        It protects you from cold.
 F - a +4 ring of evasion
 L - the amulet "Voirud" {Acrobat rPois rC- Regen+ Str+4 Stlth+}
   (You found it on level 4 of the Shoals)

   [amulet of the acrobat]

   It increases your evasion while moving and waiting.
   Str:       It affects your strength (+4).
   rC:        It makes you vulnerable to cold.
   rPois:     It protects you from poison.
   Regen:     It increases your rate of health regeneration.
   Stlth:     It makes you more stealthy.
 V - the ring "Dov Ney" {rN+ Str+6}
   (You found it on level 5 of the Lair of Beasts)

   [ring of strength]

   Str:       It affects your strength (+6).
   rN:        It protects you from negative energy.
 X - the amulet of Urauwk (around neck) {Reflect Int+4 SH+5}
   (You bought it in a shop on level 13 of the Dungeon)

   [amulet of reflection]

   It reflects blocked missile attacks.
   Int:       It affects your intelligence (+4).
   SH:        It affects your SH (+5).
Wands
 d - a wand of digging (32)
 t - a wand of mindburst (31)
 M - a wand of acid (38)
 O - a wand of iceblast (51)
Scrolls
 a - 2 scrolls of fog
 c - 5 scrolls of enchant weapon
 e - 15 scrolls of identify
 g - 9 scrolls of enchant armour
 p - 13 scrolls of teleportation
 r - 3 scrolls of silence
 B - 5 scrolls of brand weapon
 C - 2 scrolls of magic mapping
 I - 5 scrolls of immolation
 J - 3 scrolls of holy word
 P - a scroll of blinking
Potions
 b - 7 potions of haste
 k - 5 potions of flight
 l - 5 potions of mutation
 m - 9 potions of curing
 A - 8 potions of ambrosia
 Y - 3 potions of might
Miscellaneous
 o - a lightning rod (4/4)
 q - a phantom mirror
 S - a box of beasts


   Skills:
 O Level 27 Fighting
 + Level 26.2 Axes
 * Level 21.6 Armour
 + Level 9.4 Dodging
 + Level 12.1 Shields
 + Level 0.5 Evocations


You had 21 spell levels left.
You didn't know any spells.
Your spell library was empty.

Dungeon Overview and Level Annotations

Branches:
Dungeon (15/15)            Temple (0/1) D:4            Lair (6/6) D:9
 Shoals (4/4) Lair:2       Spider (4/4) Lair:3        Slime (0/5) Lair:6
    Orc (2/2) D:9             Elf (0/3) Orc:2        Vaults (5/5) D:14
  Crypt (0/3) Vaults:2     Depths (0/5) D:15        Volcano (visited)
Gauntlet (visited)

Altars:
Dithmenos
Fedhas
Gozag
Hepliaklqana
Kikubaaqudgha
Makhleb
Nemelex Xobeh
Okawaru
Qazlal
Ru
Trog
Xom
The Shining One
Beogh
Jiyva

Shops:
D:2 :[?   D:13 =   Orc:2 (=!?   Vaults:4 *

Portals:
Pandemonium: Orc:2
Trove: Vaults:3 (show abyssal rune of Zot)

Annotations:
D:2 Potion shop


Innate Abilities, Weirdness & Mutations

You have a pair of horns on your head.
You reflexively headbutt those who attack you in melee.
Your spells are a little easier to cast, but a little less powerful.


Message History

The titan hits you!
* * * LOW HITPOINT WARNING * * *
The tengu reaver barely misses you. You furiously retaliate!
You headbutt the tengu reaver!
The tengu reaver pecks you but does no damage.
The tengu reaver claws you but does no damage.
You climb upwards.
There is a stone staircase leading down here.
You hit the titan but do no damage. You headbutt the titan.
The titan is lightly wounded.
The tengu reaver blocks your attack. The titan barely misses you.
The tengu reaver gestures at you while chanting.
The bolt of fire hits you but does no damage.
The titan hits you!
* * * LOW HITPOINT WARNING * * *
You cut the titan into ribbons!!! You burn the titan!!
The titan is almost dead.
The tengu reaver blocks your attack.
The tengu reaver hits you but does no damage.
The tengu reaver pecks you but does no damage.
The tengu reaver claws you.
* * * LOW HITPOINT WARNING * * *
The titan waves its arms in wide circles.
The air twists around and strikes you!!
* * * LOW HITPOINT WARNING * * *
Blink to where?
Press: ? - help, Dir - move target
As you read the scroll of blinking, it crumbles to dust.
The tengu reaver gestures at you while chanting.
The bolt of lightning misses you.
Your skin crawls.
You feel strong-willed.
The tengu reaver gestures at you while chanting.
The bolt of fire hits you! You resist.
* * * LOW HITPOINT WARNING * * *
As you read the scroll of teleportation, it crumbles to dust.
You feel strangely unstable.
The tengu reaver gestures at you while chanting.
The bolt of lightning hits you!!!
You die...

#....##########'###
######### #....#
##...## # #....#
##C.)..## # #....#
##>.###..## #....#
##..##.##..##
#....#
#.Q##...##..#
#....#
#..#.....#..#
#....#
#..##...##..#
#....#
##.@##.##..##
####....#
##..#'#..##
........# ##.....##
........# ##...##
........# #####
........# #########
####....#
#.#⌠#⌠#.########
#....#
#...'...+......#
#...)#
#...').)#).....#


You could see a tengu reaver.

Vanquished Creatures
  An ancient lich (Vaults:5)
  Mara (Spider:3)
  Saint Roka (Vaults:4)
  Nikola (Vaults:3)
  Arachne (Spider:2)
  A tentacled monstrosity (Vaults:5)
  Jorgrun (D:13)
  7 titans
  A tentacled starspawn (Abyss:3)
  3 sphinxes
  Gastronok (D:8)
  2 tengu reavers
  3 storm dragons (Vaults:5)
  Donald (Vaults:2)
  The ghost of Fotoz the Warrior, an adept GrFi of the Shining One (D:15)
  2 shadow dragons (Vaults:5)
  The ghost of Luajer the Cloud Mage, an adept TeAE of Qazlal (D:14)
  A revenant (Vaults:2)
  3 frost giants
  6 emperor scorpions
  The ghost of rogsnak the Thaumaturge, an adept GnWz of Sif Muna (Lair:3)
  5 ghost moths (Spider:4)
  2 orc warlords
  16 vault wardens
  The ghost of Tiah the Grappler, a journeyman TrMo of Jiyva (Lair:5)
  4 very ugly things
  A war gargoyle (Vaults:4)
  20 ironbound preservers
  5 stone giants
  A vampire knight (Vaults:2)
  A deep elf annihilator (Vaults:4)
  6 entropy weavers
  8 dire elephants
  2 minotaurs
  A spark wasp (Spider:4)
  A crystal guardian (Vaults:3)
  8 merfolk javelineers
  An ettin (Vaults:5)
  18 yaktaur captains
  8 ironbound thunderhulks
  6 merfolk impalers
  11 hydras
  Harold (D:8)
  33 vault guards
  A death knight (Vaults:2)
  3 peacekeepers
  A rakshasa (Abyss:3)
  17 two-headed ogres
  2 ogre magi (D:15)
  6 boulder beetles
  8 ironbound frosthearts
  A catoblepas (D:14)
  19 centaur warriors
  2 merfolk avatars
  2 dancing weapons
  An alligator snapping turtle (Shoals:1)
  3 satyrs (Shoals:4)
  10 merfolk aquamancers
  10 death yaks
  A vampire mage (Vaults:2)
  5 thrashing horrors (Abyss:3)
  7 ironbound beastmasters
  11 orc high priests
  3 tengu warriors (D:15)
  A sun demon (Orc:2)
  Sonja (Lair:1)
  Nergalle (Orc:1)
  2 wretched stars
  A soul eater (Orc:2)
  7 skeletal warriors
  10 sea snakes
  A large abomination (Abyss:3)
  31 deep trolls
  A glowing orange brain (Vaults:2)
  A torturous demonspawn (Orc:2)
  10 wizards
  A flayed ghost (D:15)
  A gelid demonspawn (Orc:2)
  7 lindwurms
  7 harpies (Shoals:4)
  22 ironbound convokers
  2 deep elf pyromancers
  8 orc knights
  3 wolf spider zombies (Spider:3)
  2 necromancers
  2 spectral wolf spiders (Spider:3)
  A mana viper (shapeshifter) (Vaults:5)
  Pikel (D:8)
  15 orb spiders
  A deep elf zephyrmancer (D:15)
  4 oklob plants (Lair:3)
  A faun (shapeshifter) (Vaults:4)
  8 cyclopes
  15 manticores
  20 ugly things
  A will-o-the-wisp (Abyss:3)
  20 fauns
  2 orc sorcerers (Orc:2)
  6 centaur zombies
  7 elephants (Lair:5)
  43 wolf spiders
  2 worldbinders (Abyss:3)
  5 toenail golems (Volcano)
  A stone giant skeleton (Vaults:1)
  21 vault sentinels
  3 moths of wrath
  6 black mambas
  2 naga magi (D:15)
  5 water nymphs
  10 merfolk sirens
  A rust devil (Orc:2)
  A gargoyle (D:12)
  A water nymph (shapeshifter) (D:14)
  12 cane toads
  A smoke demon (Abyss:3)
  A centaur skeleton (D:15)
  Maggie (D:6)
  4 torpor snails
  An efreet (D:14)
  An elf zombie (Vaults:1)
  A kobold demonologist (D:8)
  15 komodo dragons
  55 yaktaurs
  7 rime drakes
  2 freezing wraiths (D:15)
  11 demonic crawlers
  2 hellwings (Abyss:3)
  33 merfolk
  An ancient zyme (Abyss:3)
  A tyrant leech (Lair:4)
  40 jumping spiders
  3 trolls
  10 wind drakes
  8 hornets
  9 polar bears
  5 wolf spider simulacra (Spider:3)
  Grinder (D:6)
  A hornet (shapeshifter) (D:13)
  14 slime creatures
  A dream sheep (shapeshifter) (Vaults:4)
  11 blink frogs
  2 dream sheep (Shoals:4)
  12 snapping turtles
  Sigmund (D:5)
  81 redbacks
  A centaur simulacrum (D:14)
  3 shadows
  4 wraiths
  15 water elementals
  45 yaks
  A ynoxinul (Orc:2)
  5 air elementals (Shoals:4)
  39 tarantellas
  2 vampires
  11 wyverns
  6 basilisks
  3 chaos spawn (Gauntlet)
  6 vampire mosquitoes
  3 neqoxecs
  Grum (Lair:1)
  Menkaure (D:5)
  2 swamp worms (Lair:4)
  2 acid dragons
  5 wargs
  19 water moccasins
  Duvessa (D:6)
  A hornet zombie (D:6)
  33 orc warriors
  5 sky beasts
  A black bear (shapeshifter) (D:14)
  2 ice beasts (D:8)
  2 necrophages
  27 wolves
  13 ogres
  5 boggarts (D:14)
  4 black bears
  7 centaurs
  A phantom (D:6)
  3 lemures (D:8)
  A human zombie (Vaults:1)
  8 kobold brigands
  10 bullfrogs
  A scorpion (D:4)
  A gnoll sergeant (D:5)
  A glowing shapeshifter simulacrum (Vaults:2)
  Dowan (D:6)
  2 small abominations (Abyss:3)
  10 killer bees
  A howler monkey (D:6)
  An electric eel (Spider:2)
  2 hounds
  25 orc priests
  2 jellies
  A gnoll shaman (D:7)
  2 iguanas
  Ijyb (D:5)
  6 orc wizards
  6 hell rats (Lair:6)
  A killer bee zombie (D:7)
  A hound zombie (D:5)
  A howler monkey zombie (D:10)
  4 adders
  20 gnolls
  3 shadow imps
  An ufetubus (D:7)
  An adder skeleton (D:4)
  A dart slug (D:4)
  79 orcs
  5 endoplasms
  A giant cockroach (D:4)
  5 goblins
  8 hobgoblins
  2 quokkas
  7 ball pythons
  6 bats
  7 frilled lizards
  36 kobolds
  11 kobold skeletons (D:8)
  7 kobold zombies (D:8)
  3 rats
1557 creatures vanquished.

Vanquished Creatures (collateral kills)
  Rupert (Lair:6)
  An iron dragon (Vaults:5)
  A vault warden (Vaults:2)
  An emperor scorpion (Spider:4)
  2 merfolk impalers
  A yaktaur captain (Vaults:5)
  A vault guard (Vaults:2)
  A satyr (Shoals:1)
  A skeletal warrior (D:13)
  A sea snake (Shoals:3)
  2 orc knights (Orc:2)
  3 manticores
  2 ugly things (D:14)
  A cyclops (Shoals:3)
  A faun (Shoals:3)
  A moth of wrath (Spider:4)
  A merfolk siren (Shoals:3)
  A rust devil (Orc:2)
  A rime drake (Lair:6)
  5 merfolk
  A wind drake (Shoals:3)
  A large abomination (Abyss:3)
  5 dream sheep (Shoals:3)
  2 snapping turtles
  A redback (Spider:4)
  3 air elementals (Shoals:4)
  A water elemental (Shoals:4)
  A tarantella (Spider:4)
  2 orc priests (Orc:2)
46 creatures vanquished.

Vanquished Creatures (others)
  A frost giant (D:14)
  4 two-headed ogres (D:14)
  A merfolk aquamancer (Shoals:4)
  A deep troll (Vaults:1)
  A merfolk (Shoals:3)
  A hornet (Spider:4)
  An orc warrior (Orc:1)
  3 ball lightnings (D:14)
  8 foxfires (Abyss:3)
  18 fungi
  A lurking horror (Abyss:3)
  132 plants
172 creatures vanquished.

Grand Total: 1775 creatures vanquished

Notes
Turn   | Place    | Note
-------+----------+-------------------------------------------
     0 | D:1      | robertstho the Minotaur Berserker began the quest for the
                  | Orb.
     0 | D:1      | Reached XP level 1. HP: 19/19 MP: 0/0
   165 | D:1      | Reached skill level 4 in Fighting
   196 | D:1      | Reached XP level 2. HP: 27/27 MP: 1/1
   401 | D:1      | Found a faded altar of an unknown god.
   980 | D:2      | Found Riociud's Magic Scroll Emporium.
   989 | D:2      | Bought a scroll of noise for 11 gold pieces
  1093 | D:2      | Reached XP level 3. HP: 30/34 MP: 2/2
  1294 | D:2      | Found Vumez's Antique Armour Shoppe.
  1327 | D:2      | Found Xuagaecs's Book Emporium.
  1929 | D:3      | Reached XP level 4. HP: 41/41 MP: 3/3
  2028 | D:3      | Reached ** piety under Trog
  2044 | D:3      | Reached skill level 5 in Fighting
  2557 | D:4      | Found a staircase to the Ecumenical Temple.
  2733 | D:4      | Reached XP level 5. HP: 46/48 MP: 4/4
  2832 | D:4      | Found an iron altar of Okawaru.
  2843 | D:4      | Reached skill level 5 in Axes
  3172 | D:5      | Entered Level 5 of the Dungeon
  3258 | D:5      | Found a shimmering blue altar of Sif Muna.
  3260 | D:5      | Found a shimmering altar of Xom.
  3260 | D:5      | Found a glowing golden altar of the Shining One.
  3262 | D:5      | Found a shimmering altar of Xom.
  3262 | D:5      | Found a hazy altar of Hepliaklqana.
  3262 | D:5      | Found a sparkling altar of Nemelex Xobeh.
  3293 | D:5      | Found a blossoming altar of Fedhas.
  3294 | D:5      | Noticed an ogre
  3296 | D:5      | Killed an ogre
  3297 | D:5      | Reached skill level 5 in Armour
  3297 | D:5      | Reached XP level 6. HP: 57/57 MP: 5/5
  3328 | D:5      | Noticed Menkaure
  3334 | D:5      | Killed Menkaure
  3335 | D:5      | Reached skill level 6 in Fighting
  3529 | D:5      | Found a glowing golden altar of the Shining One.
  3536 | D:5      | Noticed Sigmund
  3552 | D:5      | Killed Sigmund
  3553 | D:5      | Reached XP level 7. HP: 63/63 MP: 6/6
  3730 | D:5      | Noticed Ijyb
  3739 | D:5      | Killed Ijyb
  4063 | D:5      | Reached skill level 7 in Fighting
  4144 | D:6      | Reached XP level 8. HP: 64/73 MP: 7/7
  4288 | D:6      | Noticed Maggie
  4304 | D:6      | Killed Maggie
  4755 | D:6      | Noticed Duvessa
  4756 | D:6      | Noticed Dowan
  4758 | D:6      | Reached *** piety under Trog
  4765 | D:6      | Reached skill level 8 in Fighting
  4768 | D:6      | Killed Duvessa
  4774 | D:6      | Killed Dowan
  4934 | D:6      | Reached XP level 9. HP: 80/82 MP: 8/8
  4996 | D:6      | Noticed Grinder
  5004 | D:6      | Killed Grinder
  5253 | D:7      | Reached skill level 9 in Fighting
  6072 | D:8      | Noticed a two-headed ogre
  6081 | D:8      | Killed a two-headed ogre
  6082 | D:8      | Reached skill level 10 in Fighting
  6082 | D:8      | Reached skill level 10 in Axes
  6231 | D:8      | Reached **** piety under Trog
  6232 | D:8      | Reached XP level 10. HP: 91/93 MP: 9/9
  6235 | D:8      | Reached skill level 10 in Armour
  6480 | D:8      | Noticed Gastronok
  6501 | D:8      | Killed Gastronok
  6869 | D:8      | Reached skill level 11 in Fighting
  7109 | D:8      | Noticed Pikel
  7118 | D:8      | Killed Pikel
  7158 | D:8      | Found an opulent altar of Gozag.
  7217 | D:8      | Noticed Harold
  7234 | D:8      | Killed Harold
  7235 | D:8      | Reached XP level 11. HP: 45/104 MP: 7/10
  7692 | D:8      | Reached ***** piety under Trog
  7712 | D:8      | Found an ancient bone altar of Kikubaaqudgha.
  7725 | D:8      | Reached skill level 12 in Fighting
  7797 | D:8      | Identified the +7 broad axe "Deahaocuo" {vorpal, rF+ rC+
                  | Will+ rCorr} (Trog gifted it to you on level 8 of the
                  | Dungeon)
  7797 | D:8      | Received a gift from Trog
  7928 | D:9      | Noticed a two-headed ogre
  7934 | D:9      | Killed a two-headed ogre
  8062 | D:2      | Bought a scroll of fear for 38 gold pieces
  8062 | D:2      | Bought a scroll of identify for 22 gold pieces
  8062 | D:2      | Bought a scroll of identify for 22 gold pieces
  8062 | D:2      | Bought a scroll of identify for 22 gold pieces
  8062 | D:2      | Bought a scroll of fear for 38 gold pieces
  8062 | D:2      | Bought a scroll of teleportation for 33 gold pieces
  8062 | D:2      | Bought a scroll of identify for 22 gold pieces
  8062 | D:2      | Bought a scroll of identify for 22 gold pieces
  8562 | D:9      | Found a staircase to the Lair.
  8772 | D:9      | Found a staircase to the Orcish Mines.
  9097 | D:9      | Found a shadowy altar of Dithmenos.
  9298 | D:9      | Identified the +5 dagger "Fubemon" {antimagic, Will++}
  9531 | D:10     | Entered Level 10 of the Dungeon
  9555 | D:10     | Reached skill level 5 in Dodging
  9638 | D:10     | Found a stormy altar of Qazlal.
  9667 | D:10     | Reached skill level 13 in Fighting
  9738 | D:10     | You fall into a shaft and drop 2 floors!
 10065 | D:12     | Noticed a two-headed ogre
 10066 | D:12     | Noticed a deep elf pyromancer
 10075 | D:12     | Killed a two-headed ogre
 10075 | D:12     | Killed a deep elf pyromancer
 10076 | D:12     | Reached XP level 12. HP: 66/115 MP: 7/11
 10432 | D:11     | Noticed a boulder beetle
 10439 | D:11     | Noticed an eight-headed hydra
 10444 | D:11     | Killed a boulder beetle
 10449 | D:11     | Killed a 12-headed hydra
 10450 | D:11     | Reached skill level 15 in Axes
 11052 | D:11     | You fall into a shaft and drop 3 floors!
 11079 | D:14     | Identified the +1 hat "Ruasm" {rF+ Slay+2}
 11206 | D:14     | Noticed an eight-headed hydra
 11211 | D:14     | Killed a nine-headed hydra
 11214 | D:14     | Reached skill level 14 in Fighting
 11432 | D:14     | Noticed a centaur warrior
 11438 | D:14     | Killed a centaur warrior
 11529 | D:13     | Reached skill level 1 in Shields
 11760 | D:13     | Noticed a centaur warrior
 11767 | D:13     | Killed a centaur warrior
 11772 | D:13     | Identified the +4 battleaxe of Blind Justice {flame, rF+
                  | SInv} (Trog gifted it to you on level 13 of the Dungeon)
 11772 | D:13     | Received a gift from Trog
 11779 | D:13     | Noticed a centaur warrior
 11787 | D:13     | Killed a centaur warrior
 11788 | D:13     | Reached XP level 13. HP: 49/125 MP: 11/12
 13183 | D:10     | Found a sacrificial altar of Ru.
 13437 | Lair:1   | Entered Level 1 of the Lair of Beasts
 13528 | Lair:1   | Noticed Grum
 13540 | Lair:1   | Reached skill level 15 in Fighting
 13542 | Lair:1   | Killed Grum
 13681 | Lair:1   | Found a dark tunnel.
 13691 | Volcano  | Entered a volcano
 14557 | D:2      | Bought a runed cloak for 195 gold pieces
 14866 | Lair:2   | Found a staircase to the Shoals.
 15705 | Lair:3   | Found a hole to the Spider Nest.
 15756 | Lair:3   | Received a gift from Trog
 15758 | Lair:3   | Reached skill level 16 in Fighting
 15782 | Lair:3   | Identified a scroll of acquirement
 15783 | Lair:3   | Acquired a manual of Fighting
 16102 | Lair:3   | Found a runed translucent door.
 16104 | Lair:3   | Noticed rogsnak's ghost (adept GnWz)
 16182 | Lair:3   | Reached XP level 14. HP: 137/137 MP: 13/13
 16819 | Lair:3   | Killed rogsnak's ghost
 17106 | Lair:4   | Reached skill level 17 in Fighting
 18661 | Lair:5   | Found a runed translucent door.
 18661 | Lair:5   | Found a shimmering altar of Xom.
 18661 | Lair:5   | Noticed Tiah's ghost (journeyman TrMo)
 18759 | Lair:5   | Identified the +7 battleaxe of Mireraca {vorpal, rCorr
                  | SInv} (Trog gifted it to you on level 5 of the Lair of
                  | Beasts)
 18759 | Lair:5   | Received a gift from Trog
 18860 | Lair:5   | Reached skill level 18 in Fighting
 19573 | Lair:5   | Killed Tiah's ghost
 19574 | Lair:5   | Identified the ring "Dov Ney" {rN+ Str+6}
 19599 | Lair:6   | Entered Level 6 of the Lair of Beasts
 19851 | Lair:6   | Noticed Rupert
 19888 | Lair:6   | Reached skill level 19 in Fighting
 20354 | Lair:6   | Reached XP level 15. HP: 152/152 MP: 14/14
 20853 | Lair:6   | Killed Rupert
 20953 | Lair:6   | Identified the +4 trident "Zistekka" {speed, Dex+7}
 21257 | Lair:6   | Found a viscous altar of Jiyva.
 21257 | Lair:6   | Found a staircase to the Slime Pits.
 21904 | Lair:1   | Noticed Sonja
 21908 | Lair:1   | Killed Sonja
 22351 | D:13     | Found Ferul's Jewellery Boutique.
 22381 | D:13     | Reached skill level 20 in Fighting
 22612 | D:13     | Bought the amulet of Urauwk {Reflect Int+4 SH+5} for 544
                  | gold pieces
 22861 | D:13     | Noticed Jorgrun
 22875 | D:13     | Killed Jorgrun
 23548 | D:14     | Reached skill level 15 in Armour
 23847 | D:14     | Found a transporter.
 23849 | D:14     | Noticed Luajer's ghost (adept TeAE)
 23853 | D:14     | Identified the +8 great mace of the Known World {freeze,
                  | Int+5 Dex+4}
 23853 | D:14     | Noticed a frost giant
 23856 | D:14     | Found a transporter.
 24107 | D:14     | Found a gate to the Vaults.
 24319 | D:15     | Entered Level 15 of the Dungeon
 24763 | D:15     | Found a staircase to the Depths.
 24949 | D:15     | Reached XP level 16. HP: 163/165 MP: 15/15
 24950 | D:15     | Reached skill level 21 in Fighting
 25196 | D:15     | Found a runed translucent gate.
 25196 | D:15     | Found a runed translucent gate.
 25196 | D:15     | Found a runed translucent gate.
 25197 | D:15     | Noticed Fotoz's ghost (adept GrFi)
 25645 | D:15     | Reached ****** piety under Trog
 25990 | D:15     | Killed Fotoz's ghost
 26164 | D:14     | Killed Luajer's ghost
 26578 | Orc:1    | Entered Level 1 of the Orcish Mines
 26579 | Orc:1    | Received a gift from Trog
 26580 | Orc:1    | Noticed Nergalle
 26590 | Orc:1    | Killed Nergalle
 26881 | Orc:2    | Entered Level 2 of the Orcish Mines
 26931 | Orc:2    | Found a gate leading to a gauntlet.
 26940 | Gauntlet | Entered a Gauntlet
 26940 | Gauntlet | Found a transporter.
 26947 | Gauntlet | Found a transporter.
 26949 | Gauntlet | Found a transporter.
 26954 | Gauntlet | Found a runed translucent door.
 26954 | Gauntlet | Found a runed translucent door.
 26959 | Gauntlet | Found a transporter.
 26962 | Gauntlet | Found a transporter.
 26979 | Gauntlet | Found a transporter.
 26987 | Gauntlet | Found a transporter.
 26994 | Gauntlet | Found a transporter.
 27009 | Gauntlet | Found a transporter.
 27024 | Gauntlet | Found a transporter.
 27039 | Gauntlet | Found a transporter.
 27039 | Gauntlet | Found a transporter.
 27079 | Gauntlet | Found a transporter.
 27093 | Gauntlet | Found a transporter.
 27245 | Gauntlet | Identified the +0 hat of Foerolohapp {Harm rCorr Str+3}
 27263 | Gauntlet | Gained mutation: Your spells are a little easier to cast,
                  | but a little less powerful. [a neqoxec]
 27311 | Gauntlet | Found the +5 robe of Night {Dark Will+ SInv}
 27311 | Gauntlet | Found the ring of the Octopus King {rC+ AC+1 EV+1 Str+1
                  | Int+1 Dex+1}
 27745 | Orc:2    | Found Buesobb's Magic Scroll Shoppe.
 27751 | Orc:2    | Found Zed Xoso's Distillery.
 27972 | Orc:2    | Bought a potion of berserk rage for 55 gold pieces
 27972 | Orc:2    | Bought a potion of curing for 33 gold pieces
 27972 | Orc:2    | Bought a potion of heal wounds for 55 gold pieces
 27975 | Orc:2    | Bought a scroll of teleportation for 30 gold pieces
 27975 | Orc:2    | Bought a scroll of identify for 20 gold pieces
 27975 | Orc:2    | Bought a scroll of identify for 20 gold pieces
 27975 | Orc:2    | Bought a scroll of blinking for 75 gold pieces
 27975 | Orc:2    | Bought a scroll of identify for 20 gold pieces
 28032 | Orc:2    | Reached skill level 22 in Fighting
 28061 | Orc:2    | Received a gift from Trog
 28347 | Orc:2    | Found Turohioq's Antique Weapon Boutique.
 28347 | Orc:2    | Found Vaijuaj's Jewellery Shop.
 28348 | Orc:2    | Found a one-way gate leading to the halls of Pandemonium.
 28443 | Orc:2    | Found a bloodstained altar of Trog.
 28481 | Orc:2    | Found a staircase to the Elven Halls.
 29423 | Spider:1 | Entered Level 1 of the Spider Nest
 29773 | Spider:1 | Reached XP level 17. HP: 170/177 MP: 16/16
 31303 | Spider:2 | Noticed Arachne
 31312 | Spider:2 | Reached skill level 5 in Shields
 31312 | Spider:2 | Received a gift from Trog
 32053 | Spider:2 | Killed Arachne
 32494 | Spider:2 | Reached skill level 23 in Fighting
 32963 | Spider:3 | Noticed Mara
 32979 | Spider:3 | Killed Mara
 33549 | Spider:3 | Received a gift from Trog
 33991 | Spider:3 | Acquired the +11 executioner's axe "Fudagun" {vorpal, rElec
                  | rF- Str+7 Int+8}
 34593 | Spider:4 | Entered Level 4 of the Spider Nest
 34601 | Spider:4 | Reached XP level 18. HP: 189/189 MP: 10/17
 35054 | Spider:4 | Received a gift from Trog
 35678 | Spider:4 | Reached skill level 24 in Fighting
 36039 | Spider:4 | Got a gossamer rune of Zot
 36496 | Shoals:1 | Entered Level 1 of the Shoals
 36581 | Shoals:1 | Received a gift from Trog
 37953 | Shoals:2 | Upgraded the game from 0.28-a0-425-gd0eccab798 to
                  | 0.28-a0-429-g1448048969
 38673 | Shoals:3 | Found a flickering gateway to a bazaar.
 38676 | Shoals:3 | Received a gift from Trog
 38694 | Bazaar   | Entered a bazaar
 38694 | Bazaar   | Found Osouj's Distillery.
 38694 | Bazaar   | Found Rogigh's Armour Shop.
 38694 | Bazaar   | Found Borit's Magic Scroll Boutique.
 38694 | Bazaar   | Found Muceizei's Antique Armour Shop.
 38694 | Bazaar   | Found Liomoh's Book Boutique.
 38921 | Bazaar   | Bought the +6 plate armour "Toigo" {*Slow rF+ Str+4} for
                  | 837 gold pieces
 38923 | Bazaar   | Bought a potion of haste for 160 gold pieces
 38923 | Bazaar   | Bought a potion of curing for 48 gold pieces
 38923 | Bazaar   | Bought a potion of curing for 48 gold pieces
 39478 | Shoals:3 | Acquired a +2 pair of boots of stealth
 39536 | Shoals:3 | Reached XP level 19. HP: 53/200 MP: 18/18
 40042 | Shoals:4 | Entered Level 4 of the Shoals
 40064 | Shoals:4 | Paralysed by an air elemental for 1 turns
 40067 | Shoals:4 | Paralysed by an air elemental for 1 turns
 40129 | Shoals:4 | Paralysed by an air elemental for 1 turns
 40783 | Shoals:4 | Identified the amulet "Voirud" {Acrobat rPois rC- Regen+
                  | Str+4 Stlth+}
 40785 | Shoals:4 | Got a barnacled rune of Zot
 40828 | Shoals:4 | Paralysed by an air elemental for 1 turns
 40836 | Shoals:4 | Paralysed by an air elemental for 1 turns
 40839 | Shoals:4 | Paralysed by an air elemental for 1 turns
 40849 | Shoals:4 | Identified the +3 quarterstaff of Fedhas's Inspiration
                  | {vorpal, Str+4 Int-2 Dex+10}
 40861 | Shoals:4 | Paralysed by an air elemental for 1 turns
 41361 | Shoals:4 | Found a blossoming altar of Fedhas.
 41361 | Shoals:4 | Paralysed by an air elemental for 1 turns
 41364 | Shoals:4 | Paralysed by an air elemental for 1 turns
 41564 | Shoals:4 | Received a gift from Trog
 42067 | Shoals:4 | Found a burning altar of Makhleb.
 42110 | Shoals:4 | Reached skill level 25 in Fighting
 42839 | Vaults:1 | Entered Level 1 of the Vaults
 42867 | Vaults:1 | Reached skill level 10 in Shields
 44314 | Vaults:1 | Received a gift from Trog
 44324 | Vaults:1 | Reached XP level 20. HP: 181/211 MP: 19/19
 45698 | Vaults:2 | Found a staircase to the Crypt.
 46200 | Vaults:2 | Received a gift from Trog
 46301 | Vaults:2 | Noticed Donald
 46303 | Vaults:2 | Killed Donald
 46403 | Vaults:2 | Cast into level 3 of the Abyss (a wizard)
 46431 | Abyss:3  | Reached skill level 26 in Fighting
 46613 | Vaults:2 | Escaped the Abyss
 47027 | Vaults:2 | Received a gift from Trog
 48499 | Vaults:3 | Received a gift from Trog
 48721 | Vaults:3 | Reached XP level 21. HP: 155/222 MP: 20/20
 48986 | Vaults:3 | Noticed Nikola
 49000 | Vaults:3 | Killed Nikola
 49396 | Vaults:3 | Received a gift from Trog
 50128 | Vaults:3 | Found a portal to a secret trove of treasure.
 50700 | Vaults:4 | Identified the +2 robe "Veajasei" {Drain rC++ Str+7}
 50711 | Vaults:4 | Reached skill level 27 in Fighting
 51087 | Vaults:4 | Identified the +13 war axe of Heresy {vorpal, rElec Dex+2}
                  | (Trog gifted it to you on level 4 of the Vaults)
 51087 | Vaults:4 | Received a gift from Trog
 51200 | Vaults:4 | HP: 5/224 [yaktaur/bolt[a yaktaur captain] (15)]
 51612 | Vaults:4 | Found Kacror's General Store.
 51615 | Vaults:4 | Noticed Saint Roka
 51628 | Vaults:4 | Killed Saint Roka
 53075 | Vaults:5 | Entered Level 5 of the Vaults
 53082 | Vaults:4 | Received a gift from Trog
 53274 | Vaults:4 | Reached XP level 22. HP: 202/233 MP: 21/21
 53849 | Vaults:5 | Noticed an ancient lich
 53860 | Vaults:5 | Killed an ancient lich
 53870 | Vaults:5 | Identified the +11 hand crossbow "Hadyale" {speed, rC+}
 53870 | Vaults:5 | Identified the ring of Kitsuu {rF+ rN+}
 53883 | Vaults:5 | HP: 12/346 [titan (44)]
 54212 | Vaults:5 | Received a gift from Trog
 54244 | Vaults:4 | Killed from afar by a tengu reaver

Illustrated notes

Levels and vault maps discovered:
D:1:      minmay_arrival_arboretum_large, layout_basic,
          hellmonk_ecumenical_altar_arch_garden
D:2:      layout_loops_ring, serial_shops,
          nicolae_shop_temple_entry_statues_fountains, shop, nicolae_shop_trees,
          kennysheep_generic_room_15
D:3:      layout_basic, kennysheep_generic_room_4
D:4:      layout_cave_pools, okawaru_trees_2, minmay_temple_entry_wispy
D:5:      layout_basic, mainiacjoe_overflow_24_doors, doesnt_xom_only_xom,
          mainiacjoe_overflow_catwalk, uniq_menkaure, uniq_ijyb, uniq_sigmund
D:6:      layout_rooms, serial_corexii_hall, chequers_hall_statues_wall_a,
          chequers_hall_statues_wall_a, uniq_grinder, uniq_maggie, uniq_duvessa
D:7:      layout_basic, mrwooster_statue_mirror
D:8:      wander_kiku_kobolds, layout_basic, nicolae_gozag_seed_capital,
          columned_hall_lemuel, grunt_decor_cap, grunt_ministairs_15,
          uniq_gastronok, uniq_pikel, uniq_harold
D:9:      layout_layer_cave, grunt_dithmenos_smoke_and_mirrors,
          minmay_lair_entry_grove, orc_0_dummy
D:10:     layout_cave_pools, nicolae_ru_path_of_blood,
          mainiacjoe_overflow_concentric_impassable
D:11:     layout_loops_corners
D:12:     layout_loops_ring, drop_trap, hangedman_abyss_or_decor_slice
D:13:     layout_basic, serial_shops, shop, uniq_jorgrun
D:14:     layout_roguey, skrybe_vaults_entry_preservation,
          hangedman_decor_growths, gammafunk_ghost_smash
D:15:     grunt_enter_depths_magical_seal, layout_basic, special_room
          [special_room_orc], maelrawn_ghost_gauntlet_escape,
          corexii_hall_statues_deadend
Lair:1:   layout_misc_corridors, nicolae_volcano_entry_hallway,
          grunt_megastairs_5, uniq_grum, uniq_sonja
Lair:2:   layout_gridlike, elwin_shoals_entry_rocks, lemuel_fruit_tree,
          lemuel_fruit_fields
Lair:3:   minmay_lair_oklob_tunnel, layout_loops_ring,
          spider_nest_entry_web_field, ebering_ghost_inner_flame
Lair:4:   layout_layer_cave, worms_lemuel
Lair:5:   layout_regular_city, ebering_ghost_xom, beast_lair_carwin_6,
          serial_bayou_shore_a, grunt_megastairs_3
Lair:6:   gammafunk_lair_ancient_temple, layout_cave_shapes,
          dpeg_slime_entry_enclosed_altar, st_stairs_9,
          cheibrodos_lair_lostbears, uniq_rupert
Shoals:1: layout_shoals, nicolae_shoals_aquamancer_cove
Shoals:2: layout_shoals
Shoals:3: layout_shoals, serial_shops, bzr_entry_water
Shoals:4: shoals_end_hellmonk_storm_palace [storm_palace_center_ruins,
          storm_palace_corner_blocked, storm_palace_corner_altar,
          storm_palace_corner_altar, storm_palace_corner_grid]
Spider:1: layout_chambers, nicolae_spider_eight_legs
Spider:2: layout_spider_delve, nicolae_arachne_temple
Spider:3: layout_spider_delve, nicolae_spider_undead_wolf_pack,
          nicolae_spider_cling_halls, uniq_arachne, uniq_mara
Spider:4: grunt_spider_rune_island, nicolae_spider_moth_buddies
Orc:1:    layout_caves, nicolae_orc_lava_tube, uniq_nergalle
Orc:2:    pf_orc_diabolical, layout_caves, basic_altar, gauntlet_entry_generic
Vaults:1: grunt_vaults_trifunnel, hangedman_vaults_trim, hangedman_vaults_nodes,
          vaults_room_fours, vaults_mumra_chevron, vaults_standard_mumra_lines,
          ontoclasm_vaults_idyll, nicolae_vaults_mini_display_case,
          vaults_dpeg_cross, st_squares, layout_vaults_maze_snakey
Vaults:2: nicolae_vaults_disjoint_gnomons, v_misc_25,
          nicolae_vaults_angled_halls, minmay_crypt_entry_simple_round,
          v_misc_24, v_misc_26, vaults_mumra_hex, nicolae_vaults_network_star,
          serial_ice_m, layout_vaults_chaotic_city, uniq_donald
Vaults:3: grunt_vaults_funnel, nicolae_vaults_branching_niches, v_misc_14,
          nicolae_vaults_alarming, vaults_dpeg_doors, vaults_room_large_hall,
          vaults_mumra_lcd, vaults_room_fancy_cross, vaults_room_stairs_pillars,
          v_alt_pattern_1, vaults_room_grunt_arrival_checkpoint,
          layout_vaults_ring, enter_trove_3, uniq_nikola
Vaults:4: nicolae_vaults_shelves_hall, v_misc_14, st_quartered_hall,
          hangedman_vaults_slice, hangedman_vaults_stretched_pinwheel,
          ontoclasm_vaults_chip, nicolae_vaults_border_crossing,
          layout_vaults_omnigrid, serial_shops, nicolae_lakefront_shop,
          uniq_saint_roka
Vaults:5: serial_shops, uniq_jory

Skill      XL: |  1  2  3  4  5  6  7  8  9 10 11 12 13 14 15 16 17 18 19 20 21 22 |
---------------+-------------------------------------------------------------------+-----
Fighting       | 4 5 6 7 8 10 11 13 14 16 19 20 22 23 24 25 26 27 | 27.0
Axes           | 4 5 6 7 8 10 12 14 15 17 18 20 21 22 23 24 25 26 | 26.2
Armour         | 3 5 6 7 9 10 11 13 14 15 16 17 18 19 20 21 | 21.6
Dodging        | 3 4 5 6 7 8 9 |  9.4
Shields        | 1 2 3 4 5 7 10 11 12 | 12.1
Evocations     | |  0.5

Action                   |  1- 3 |  4- 6 |  7- 9 | 10-12 | 13-15 | 16-18 | 19-21 | 22-24 || total
-------------------------+-------+-------+-------+-------+-------+-------+-------+-------++-------
Melee: Hand axe          |    75 |    18 |       |       |       |       |       |       ||    93
       Headbutt          |    11 |    11 |    33 |    63 |   137 |   225 |   264 |    35 ||   779
       War axe           |       |    59 |   156 |   149 |       |       |       |       ||   364
       Broad axe         |       |       |       |   196 |    39 |   126 |   275 |       ||   636
       Battleaxe         |       |       |       |       |   593 |   641 |    19 |   111 ||  1364
       Executioner's axe |       |       |       |       |       |   190 |   601 |       ||   791
Invok: Berserk           |       |     1 |     6 |    11 |    13 |    12 |    10 |     3 ||    56
       Brothers in Arms  |       |       |       |     2 |     4 |     8 |     4 |     1 ||    19
       Trog's Hand       |       |       |       |     1 |     2 |     2 |     5 |     2 ||    12
Evoke: Box of beasts     |       |       |       |       |     1 |       |     1 |       ||     2
       Wand              |       |       |       |       |     2 |       |       |       ||     2
  Use: Scroll            |       |     4 |     2 |     7 |    14 |     8 |     5 |     2 ||    42
       Potion            |       |       |       |     1 |     4 |     6 |     8 |     2 ||    21
 Stab: Sleeping          |       |       |       |     1 |       |       |       |       ||     1
       Invisible         |       |       |       |       |     1 |     8 |       |       ||     9
       Distracted        |       |       |       |       |     1 |     1 |     1 |     1 ||     4
       Held in net/web   |       |       |       |       |       |     1 |       |       ||     1
Armor: Animal skin       |    10 |       |       |       |       |       |       |       ||    10
       Chain mail        |    19 |    43 |    37 |       |       |       |       |       ||    99
       Swamp dragon scal |       |       |    42 |   167 |   335 |   100 |       |       ||   644
       Plate armour      |       |       |       |       |       |   519 |   495 |    75 ||  1089
Dodge: Dodged            |    30 |    34 |    88 |   151 |   384 |   506 |   375 |    48 ||  1616
Block: Kite shield       |       |       |       |    15 |    25 |       |       |       ||    40
       Other             |       |       |       |       |    36 |   174 |   129 |    30 ||   369
       Reflection        |       |       |       |       |     7 |    39 |    54 |     1 ||   101
       Tower shield      |       |       |       |       |       |   204 |   317 |       ||   521

Table legend: (Time is in decaauts)
 A = Elapsed time spent in this place.
 B = Non-inter-level travel time spent in this place.
 C = Inter-level travel time spent in this place.
 D = Time resting spent in this place.
 E = Time spent auto-exploring this place.
 F = Levels seen in this place.
 G = Mean time per level.
                   A        B        C        D        E       F      G
               +--------+--------+--------+--------+--------+-----+--------+
         Total |  54580 |  51588 |   2992 |   8585 |  35480 |  40 | 1364.5 |
       Dungeon |  18705 |  17112 |   1593 |   1243 |  13626 |  15 | 1247.0 |
          Lair |   8240 |   7746 |    494 |    968 |   5778 |   6 | 1373.3 |
        Shoals |   6250 |   5897 |    353 |   1536 |   3108 |   4 | 1562.5 |
   Spider Nest |   6940 |   6678 |    262 |   1855 |   3871 |   4 | 1735.0 |
  Orcish Mines |   2151 |   2044 |    107 |    537 |   1185 |   2 | 1075.5 |
        Vaults |  10768 |  10586 |    182 |   2383 |   6822 |   5 | 2153.6 |
         Abyss |    199 |    199 |      0 |      0 |    120 |   1 |  199.0 |
        Bazaar |    235 |    235 |      0 |      0 |    223 |   1 |  235.0 |
       Volcano |    534 |    534 |      0 |     61 |    356 |   1 |  534.0 |
      Gauntlet |    552 |    552 |      0 |      0 |    389 |   1 |  552.0 |
               +--------+--------+--------+--------+--------+-----+--------+

Top non-repeatable levels by time:
Vaults:4: 3824 daAuts
Vaults:2: 2746 daAuts
Spider:3: 2423 daAuts
Vaults:1: 2296 daAuts
Spider:1: 2194 daAuts
  Lair:5: 2115 daAuts
Shoals:4: 2067 daAuts
    D:14: 1932 daAuts
     D:8: 1882 daAuts
    D:15: 1772 daAuts
Vaults:3: 1716 daAuts
   Orc:2: 1652 daAuts
     D:9: 1650 daAuts
    D:12: 1565 daAuts
    D:13: 1554 daAuts
